 Dungeon Crawl Stone Soup version 0.26-a0-540-g8a0c9464d7 (webtiles) character file.

Game seed: 2567573413068216273

(classic levelgen) 19 EnegeticOcto the Ruffian (level 2, -1/29 HPs)
             Began as a Troll Fighter on Aug 18, 2020.
             Was an Initiate of Cheibriados.
             Slain by a river rat (6 damage)
             ... summoned by Eustachio
             ... on level 4 of the Dungeon.
             The game lasted 00:01:21 (257 turns).

EnegeticOcto the Ruffian (Troll Fighter)             Turns: 257, Time: 00:01:22

Health: -1/29      AC:  6    Str: 24    XL:     2   Next: 55%
Magic:  1/1        EV:  8    Int:  5    God:    Cheibriados [......]
Gold:   26         SH:  8    Dex: 10    Spells: 1/1 levels left

rFire    . . .     SeeInvis .     - Unarmed
rCold    . . .     Faith    .   b - +0 kite shield
rNeg     . . .     Spirit   .   a - +0 robe
rPois    .         Reflect  .   (helmet restricted)
rElec    .         Harm     .   (no cloak)
rCorr    .                      (gloves unavailable)
MR       .....                  (boots unavailable)
Stlth    +.........             (no amulet)
HPRegen  0.49/turn              (no ring)
MPRegen  0.07/turn              (no ring)

@: lethally poisoned (-1 -> -1), very slow
A: large, unfitting armour, claws 3, regeneration 1, shaggy fur 1, tough skin 3
a: Bend Time, Renounce Religion


You were on level 4 of the Dungeon.
You worshipped Cheibriados.
Cheibriados was noncommittal.
You visited 1 branch of the dungeon, and saw 4 of its levels.

You collected 26 gold pieces.

Inventory:

Missiles
 i - 16 poisoned darts (quivered)
Armour
 a - a +0 robe (worn)
 b - a +0 kite shield (worn)
Magical Staves
 l - an uncursed staff of wizardry
Scrolls
 d - a scroll of fog {unknown}
 f - a scroll of teleportation {unknown}
 h - a scroll of identify {unknown}
 k - a scroll of blinking {unknown}
Potions
 c - a potion of might {@q3}
 e - a potion of curing {unknown}
 g - a potion of berserk rage {unknown}
 j - 2 potions of heal wounds {unknown}


   Skills:
 + Level 2.7 Fighting
 - Level 2.4 Dodging
 - Level 2.4 Shields
 * Level 2.8 Unarmed Combat


You had one spell level left.
You didn't know any spells.
Your spell library was empty.

Dungeon Overview and Level Annotations

Branches:
Dungeon (4/15)
 Temple: D:4-7

Altars:
Cheibriados
Vehumet

Annotations:
D:4 Eustachio


Innate Abilities, Weirdness & Mutations

You are too large for most types of armour.
You have claws for hands.
Your natural rate of healing is unusually fast.
You are covered in fur. (AC +1)
You have extremely tough skin. (AC +3)


Message History

You feel sick.
Found 2 red potions.
You feel sick.
Found 12 gold pieces.
You feel sick.
You now have 18 gold pieces (gained 12).
You feel sick.
j - 2 red potions You open the door.
There is an open door here.
You open the door.
You feel sick.
You are no longer poisoned.
Found a snail-covered altar of Cheibriados.
There is an open door here.
There is a snail-covered altar of Cheibriados here.
You kneel at the altar of Cheibriados.
Cheibriados welcomes you!
Cheibriados begins to support your attributes as your movement slows.
You can now bend time to slow others.
There is an open door here.
As you open the door, it creaks loudly!
You hear a shout!
Found a stone staircase leading down.
There is an open door here.
Found 17 arrows.
There is a stone staircase leading down here.
Found a scroll labeled KATON NUMARPH.
Found a curved jewelled staff.
Found 8 gold pieces.
k - a scroll labeled KATON NUMARPH You see here a curved jewelled staff.
You now have 26 gold pieces (gained 8).
Eustachio the Magnificent comes into view.
He is wielding a +2 rapier of venom.
You see here a curved jewelled staff.
l - a curved jewelled staff
l - an uncursed staff of wizardry (weapon)
Eustachio shouts!
You are now empty-clawed.
Eustachio gestures wildly while chanting.
Eustachio mumbles some strange words.
Eustachio blinks!
The shadow imp hits you. You block the crimson imp's attack.
The shadow imp hits you but does no damage.
The iron imp barely misses you.
The crimson imp hits you but does no damage.
You block the shadow imp's attack. The crimson imp barely misses you.
Found 11 gold pieces.
You block the crimson imp's attack.
The shadow imp hits you but does no damage.
The iron imp laughs crazily.
Your shield prevents you from hitting Eustachio.
Eustachio barely misses you. You block the crimson imp's attack.
The shadow imp hits you.
You closely miss Eustachio. You block Eustachio's attack.
The iron imp summons a swarm of flies.
The iron imp completely misses you.
The crimson imp blinks!
The shadow imp sputters.
The shadow imp barely misses you.
You barely miss Eustachio. Eustachio barely misses you. The iron imp hits you.
The shadow imp hits you but does no damage.
You scratch Eustachio.
Eustachio is lightly wounded.
Eustachio yells, "Perjured traitor, DIE!"
Eustachio hits you with a +2 rapier of venom.
You are poisoned.
The shadow imp hits you. The iron imp barely misses you.
You claw Eustachio!
Eustachio is heavily wounded.
You feel sick.
Eustachio gestures wildly while chanting.
The shadow imp closely misses you. You block the iron imp's attack.
You claw Eustachio!
Eustachio is almost dead.
Eustachio barely misses you.
The shadow imp hits you but does no damage.
The crimson imp shouts, "Take thy face hence, thou canting toot-wallowing cross-patch!"
You block the crimson imp's attack. The iron imp hits you!
You barely miss Eustachio.
Eustachio is almost dead.
You feel sick.
Eustachio mumbles some strange words.
Eustachio blinks!
You block the shadow imp's attack.
The crimson imp hits you but does no damage.
The river rat barely misses you. The shadow imp barely misses you.
The iron imp hits you but does no damage.
The crimson imp barely misses you. You block the river rat's attack.
Eustachio gestures wildly while chanting.
The quokka barely misses you.
The shadow imp lashes its tail.
The shadow imp barely misses you.
The iron imp grinds its teeth.
The iron imp closely misses you.
You feel sick.
The rat twitches its whiskers.
Eustachio mumbles some strange words.
Eustachio blinks!
The rat closely misses you.
Eustachio hits you with a +2 rapier of venom!
* * * LOW HITPOINT WARNING * * *
The river rat bites you.
You die...

...#######.##..##.._.#
.........#.###'##....#
.........#.....'.....#
.........#.....#######
.........#.....#.....#
.........#.....'>....#
.........#######.....#
...........@.........#
...######..@r...####.#
... #.r5r5..# .. ..
+..5(ยง..# ..
#..r....# . #.......#
..........#
............+
............#
.$............


You could see Eustachio, an iron imp (summoned), a crimson imp (summoned), a
river rat (summoned), a shadow imp (summoned), a quokka (summoned) and 2 rats.

Vanquished Creatures
  An adder (D:4)
  A dart slug (D:2)
  A leopard gecko (D:3)
  An orc (D:4)
  2 hobgoblins
  A rat (D:1)
7 creatures vanquished.

Notes
Turn   | Place    | Note
-------+----------+-------------------------------------------
     0 | D:1      | EnegeticOcto the Troll Fighter began the quest for the Orb.
     0 | D:1      | Reached XP level 1. HP: 22/22 MP: 0/0
   150 | D:3      | Reached XP level 2. HP: 24/29 MP: 1/1
   185 | D:4      | Found a radiant altar of Vehumet.
   207 | D:4      | Found a snail-covered altar of Cheibriados.
   212 | D:4      | Became a worshipper of Cheibriados the Contemplative
   238 | D:4      | Noticed Eustachio
   244 | D:4      | Noticed a crimson imp
   257 | D:4      | Slain by a river rat

Illustrated notes

Levels and vault maps discovered:
D:1:      nzn_arrival_crosshair, layout_basic
D:2:      layout_basic, chequers_serial_rivers_micro_d, st_stairs_7,
          minmay_tetromino_l2
D:3:      layout_basic, grunt_ministairs_6, uniq_ijyb
D:4:      layout_gridville, cheibriados_altar_1, fiery_altar_vehumet,
          ebering_ghost_sewer_d, uniq_eustachio

Action                   || total
-------------------------++-------
Melee: Unarmed           ||    27
Armor: Robe              ||    13
Dodge: Dodged            ||    21
Block: Kite shield       ||    17

Table legend: (Time is in decaauts)
 A = Elapsed time spent in this place.
 B = Non-inter-level travel time spent in this place.
 C = Inter-level travel time spent in this place.
 D = Time resting spent in this place.
 E = Time spent auto-exploring this place.
 F = Levels seen in this place.
 G = Mean time per level.
                   A        B        C        D        E       F      G
               +--------+--------+--------+--------+--------+-----+--------+
         Total |    265 |    265 |      0 |      0 |      0 |   4 |   66.2 |
       Dungeon |    265 |    265 |      0 |      0 |      0 |   4 |   66.2 |
               +--------+--------+--------+--------+--------+-----+--------+

Top non-repeatable levels by time:
     D:4: 98 daAuts
     D:1: 83 daAuts
     D:2: 49 daAuts
     D:3: 33 daAuts
